 Dungeon Crawl Stone Soup version 0.26.0-18-gc5c842f807 (webtiles) character file.

Game seed: 15169511566751981873

51 lmSkywalker the Poker (level 3, -1/27 HPs)
             Began as a Demonspawn Gladiator on Jan 23, 2021.
             Slain by a sky beast (6 damage)
             ... on level 2 of the Dungeon.
             The game lasted 00:06:29 (1099 turns).

lmSkywalker the Poker (Demonspawn Gladiator)        Turns: 1099, Time: 00:06:30

Health: -1/27      AC:  3    Str: 14    XL:     3   Next: 58%
Magic:  3/3        EV: 12    Int: 10    God:
Gold:   119        SH:  0    Dex: 14    Spells: 2/2 levels left

rFire    . . .     SeeInvis .   a - +0 trident
rCold    . . .     Faith    .   (no shield)
rNeg     . . .     Spirit   .   b - +0 leather armour
rPois    .         Reflect  .   (helmet restricted)
rElec    .         Harm     .   (no cloak)
rCorr    .         Rampage  .   (no gloves)
Will     .....                  (no boots)
Stlth    +.........             g - amulet of regeneration
HPRegen  0.49/turn              (no ring)
MPRegen  0.08/turn              (no ring)

@: no status effects
A: antennae 1, spiny 1
a: no special abilities


You were on level 2 of the Dungeon.
You visited 1 branch of the dungeon, and saw 2 of its levels.

You collected 119 gold pieces.

Inventory:

Hand Weapons
 a - a +0 trident (weapon)
Missiles
 d - 3 throwing nets (quivered)
Armour
 b - a +0 leather armour (worn)
 c - a +0 helmet
Jewellery
 g - an amulet of regeneration (around neck)
 k - an uncursed ring of willpower {unknown}
Scrolls
 e - a scroll of enchant armour {unknown}
 i - a scroll of fog {unknown}
Potions
 f - a potion of mutation {unknown}
 h - a potion of curing {unknown}
 j - 2 potions of ambrosia {unknown}


   Skills:
 - Level 2.0 Fighting
 + Level 4.2 Polearms
 - Level 1.7 Throwing
 - Level 2.6 Dodging


You had 2 spell levels left.
You didn't know any spells.
Your spell library was empty.

Dungeon Overview and Level Annotations

Branches:
Dungeon (2/15)

Altars:


Innate Abilities, Weirdness & Mutations

You have a pair of small antennae on your head.
You are partially covered in sharp spines.


Message History

The sky beast closely misses you.
You hit the sky beast.
The sky beast is lightly wounded.
The sky beast is struck by your spines. The sky beast barely misses you.
You closely miss the sky beast.
The sky beast is lightly wounded.
The sky beast completely misses you.
You miss the sky beast.
The sky beast is lightly wounded.
The sky beast flickers out of sight!
Deactivating autopickup; reactivate with Ctrl-A.
Something hits you. Something shocks you.
You barely miss something. Something hits you. Something shocks you.
You closely miss something. Something barely misses you.
You barely miss something. Something hits you. Something shocks you.
* * * LOW HITPOINT WARNING * * *
You miss something. Something hits you.
* * * LOW HITPOINT WARNING * * *
Something shocks you.
You die...

#####.### #.#
#####.########
).)..........#
#####.###....#
###.###....#
#..........#
###.#..<.....###########
.............'..@{......
###..........##.####>...
####..#######.# .
#.....## #.# #......#
#.# #......# #.#
#......## #.# #)......#
..#+# #.....#.#...


There were no monsters in sight!

Vanquished Creatures
  Robin (D:2)
  A worm (D:2)
  A leopard gecko (D:1)
  A giant cockroach (D:2)
  14 goblins
  4 hobgoblins
  A ball python (D:1)
  6 bats
  5 rats
34 creatures vanquished.

Notes
Turn   | Place    | Note
-------+----------+-------------------------------------------
     0 | D:1      | lmSkywalker the Demonspawn Gladiator began the quest for
                  | the Orb.
     0 | D:1      | Reached XP level 1. HP: 16/16 MP: 1/1
   119 | D:1      | Reached skill level 3 in Polearms
   370 | D:1      | Gained mutation: You have a pair of small antennae on your
                  | head. [demonic ancestry]
   370 | D:1      | Reached XP level 2. HP: 22/22 MP: 2/2
   801 | D:2      | Noticed Robin
   816 | D:2      | Gained mutation: You are partially covered in sharp spines.
                  | [demonic ancestry]
   816 | D:2      | Reached XP level 3. HP: 27/27 MP: 3/3
   874 | D:2      | Killed Robin
   875 | D:2      | Reached skill level 4 in Polearms
  1087 | D:2      | Noticed a sky beast
  1099 | D:2      | Slain by a sky beast

Illustrated notes

Levels and vault maps discovered:
D:1:      sevenhm_arrival_forest_fort_small_6, layout_basic,
          grunt_decor_mini_mirrors, interstate_on_off, minmay_pentomino_q4
D:2:      layout_basic, kennysheep_generic_room_5, uniq_sigmund, uniq_terence,
          uniq_robin

Skill      XL: |  1  2  3 |
---------------+----------+-----
Polearms       | 3 4 |  4.2
Fighting       | |  2.0
Throwing       | |  1.7
Dodging        | |  2.6

Action                   || total
-------------------------++-------
Melee: Trident           ||   110
Armor: Leather armour    ||    20
Dodge: Dodged            ||    62
